 Dungeon Crawl Stone Soup version 0.26-a0-668-gd58323b419 (webtiles) character file.

Game seed: 14784818667390329760

2286 grandjackal the Ruffian (level 9, -2/71 HPs)
             Began as a Demonspawn Gladiator on Oct 18, 2020.
             Killed from afar by an electric eel (9 damage)
             ... with a bolt of electricity
             ... on level 7 of the Dungeon.
             The game lasted 00:08:23 (8202 turns).

grandjackal the Ruffian (Demonspawn Gladiator)      Turns: 8202, Time: 00:08:24

Health: -2/71      AC:  8    Str: 18    XL:     9   Next: 17%
Magic:  9/9        EV: 13    Int: 10    God:
Gold:   563        SH:  0    Dex: 14    Spells: 8/8 levels left

rFire    . . .     SeeInvis .     - Unarmed
rCold    . . .     Faith    .   (no shield)
rNeg     . . .     Spirit   .   t - +1 scale mail {MR+}
rPois    .         Reflect  .   (helmet restricted)
rElec    .         Harm     .   z - +0 cloak
rCorr    .         Rampage  .   (no gloves)
MR       +....                  (boots unavailable)
Stlth    ..........             (no amulet)
HPRegen  0.21/turn              (no ring)
MPRegen  0.11/turn              (no ring)

@: no status effects
A: claws 1, hooves 3, horns 2, powered by death 1
a: no special abilities


You were on level 7 of the Dungeon.
You visited 2 branches of the dungeon, and saw 8 of its levels.
You also visited: Sewer.

You collected 563 gold pieces.

Inventory:

Hand Weapons
 a - a +0 long sword
Missiles
 d - 3 throwing nets (quivered)
 e - 3 javelins
Armour
 h - a scarf of invisibility
 t - a +1 scale mail of magic resistance (worn)
 z - a +0 cloak (worn)
Jewellery
 o - an uncursed amulet of the acrobat
Wands
 k - a wand of disintegration (15)
 u - a wand of polymorph (5)
 B - a wand of iceblast (18)
Scrolls
 c - 6 scrolls of magic mapping {unknown}
 i - 6 scrolls of identify {unknown}
 n - 5 scrolls of teleportation {unknown}
 p - a scroll of fog {unknown}
 r - a scroll of amnesia {unknown}
 v - a scroll of enchant weapon {unknown}
 w - a scroll of fear {unknown}
 y - a scroll of remove curse {unknown}
Potions
 b - 2 potions of magic {unknown}
 f - a potion of stabbing {unknown}
 g - 2 potions of mutation {unknown}
 j - a potion of ambrosia {unknown}
 l - 7 potions of curing {unknown}
 m - 2 potions of invisibility {unknown}
 q - 2 potions of flight {unknown}
 s - a potion of cancellation {unknown}
 x - a potion of might {unknown}
 A - a potion of berserk rage {unknown}
 C - a potion of heal wounds {unknown}
 D - a potion of degeneration {unknown}


   Skills:
 + Level 6.4 Fighting
 - Level 2.9 Long Blades
 - Level 1.7 Throwing
 + Level 6.2 Dodging
 * Level 7.7 Unarmed Combat


You had 8 spell levels left.
You didn't know any spells.
Your spell library contained the following spells:

 Spells                   Type           Power        Failure   Level
 Animate Skeleton         Necr           #.....       78%         1
 Apportation              Tloc           #.....       78%         1
 Corona                   Hex            #......      78%         1
 Magic Dart               Conj           #...         78%         1
 Summon Small Mammal      Summ           #...         78%         1
 Searing Ray              Conj           #.....       89%         2
 Dazzling Flash           Conj/Hex       #.....       98%         3
 Fulminant Prism          Conj/Hex       #.........   100%        4
 Iskenderun's Mystic Bla  Conj/Tloc      #.......     100%        4


Dungeon Overview and Level Annotations

Branches:
Dungeon (7/15)             Temple (1/1) D:4           Sewer (visited)

Altars:
Ashenzari
Cheibriados
Dithmenos
Elyvilon
Fedhas
Gozag
Hepliaklqana
Kikubaaqudgha
Makhleb
Nemelex Xobeh
Okawaru
Qazlal
Ru
Sif Muna
Trog
Uskayaw
Vehumet
Xom
Yredelemnul
Zin
The Shining One

Annotations:
D:3 2 transporters, mandarbmax's ghost, amateur HuAM


Innate Abilities, Weirdness & Mutations

You have sharp fingernails.
You have hooves in place of feet.
You have a pair of horns on your head.
You regenerate a little health from kills.


Message History

Aiming: Disintegrate
Press: ? - help, Shift-Dir - straight line, f - electric eel
Aim: an electric eel (chance to defeat MR: 73%)
The electric eel struggles to resist.
The electric eel shoots out a bolt of lightning at you!
The bolt of electricity hits the electric eel.
The electric eel completely resists.
The bolt of electricity hits the plant.
The plant begins to die.
The bolt of electricity hits the plant!
The plant begins to die.
The bolt of electricity hits you!
The electric eel shoots out a bolt of lightning at you!
The bolt of electricity hits the plant!
The plant begins to die.
The bolt of electricity hits the plant!
The bolt of electricity hits you!
* * * LOW HITPOINT WARNING * * *
The bolt of electricity hits you!
* * * LOW HITPOINT WARNING * * *
The electric eel shoots out a bolt of lightning at you!
The bolt of electricity hits you.
* * * LOW HITPOINT WARNING * * *
The bolt of electricity hits you!
You die...

≈♣.....#
#....................
.......#
#.##.......(.....#.##
.......#
#.##.............#.#
.......#
#.##.≈P.P...P.P≈.#.#
.......#
#.##.≈≈P≈≈≈≈≈≈≈≈.#)#
.......#
#.##.P≈≈≈≈≈P≈≈≈≈.#..
≈≈♣....#
#.##.≈≈≈≈≈≈PP≈≈P.##.
.≈≈..###
#.##.≈≈≈≈P≈≈≈≈≈P.# .
≈≈≈..# #.#.@PPPP≈P≈
≈≈≈♣.# #.#.♣;P;≈≈;≈
≈≈♣..# #.#.♣≈≈≈≈≈≈≈
.....# #.#.♣≈≈≈≈≈≈≈
.....# #.#.♣♣≈≈≈≈≈≈
...### #.#.♣ ≈≈≈≈≈≈
#### #.#.♣ ♣♣≈≈P≈
#.#.♣ ♣≈≈≈ #.#.#


You could see 3 electric eels.

Vanquished Creatures
  Grinder (D:4)
  A water moccasin (D:6)
  An ice beast (D:5)
  Purgy (Sewer)
  An orc warrior (D:7)
  A black bear (D:7)
  A phantom (D:6)
  2 ogres
  2 centaurs
  4 bullfrogs
  2 electric eels (D:7)
  A bullfrog zombie (D:6)
  4 orc priests
  A jelly (D:7)
  A centaur skeleton (D:6)
  A hound (D:5)
  4 orc wizards
  2 bullfrog skeletons
  An iguana (D:4)
  6 worker ants
  A hound zombie (D:5)
  12 adders
  3 white imps
  3 ufetubi
  3 oozes
  An adder skeleton (D:4)
  A worm (D:4)
  A dart slug (D:2)
  7 leopard geckos
  20 orcs
  5 ball pythons
  6 giant cockroaches
  8 goblins
  8 hobgoblins
  12 jackals
  4 quokkas
  A ball python skeleton (D:4)
  9 bats
  2 frilled lizards
  6 kobolds
  A leopard gecko zombie (D:5)
152 creatures vanquished.

Vanquished Creatures (others)
  A wizard (D:4)
  A quokka (D:7)
  26 plants
28 creatures vanquished.

Grand Total: 180 creatures vanquished

Notes
Turn   | Place    | Note
-------+----------+-------------------------------------------
     0 | D:1      | grandjackal the Demonspawn Gladiator began the quest for
                  | the Orb.
     0 | D:1      | Reached XP level 1. HP: 16/16 MP: 1/1
   154 | D:1      | Gained mutation: You have a pair of small horns on your
                  | head. [demonic ancestry]
   154 | D:1      | Reached XP level 2. HP: 21/22 MP: 2/2
   442 | D:1      | Gained mutation: You have sharp fingernails. [demonic
                  | ancestry]
   442 | D:1      | Reached XP level 3. HP: 24/28 MP: 3/3
   445 | D:1      | Reached skill level 1 in Unarmed Combat
  1605 | D:2      | Gained mutation: You have large cloven feet. [demonic
                  | ancestry]
  1605 | D:2      | Reached XP level 4. HP: 30/34 MP: 4/4
  1824 | D:3      | Found a shimmering altar of Xom.
  1866 | D:3      | Found a shadowy altar of Dithmenos.
  2011 | D:3      | Found a transporter.
  2040 | D:3      | Noticed mandarbmax's ghost (amateur HuAM)
  2090 | D:3      | Reached skill level 2 in Unarmed Combat
  2457 | D:3      | Found a transporter.
  2669 | D:4      | Found a glowing drain.
  2719 | D:4      | Reached XP level 5. HP: 38/41 MP: 5/5
  2736 | Sewer    | Entered a sewer
  2793 | Sewer    | Noticed Purgy
  2805 | Sewer    | Killed Purgy
  2805 | Sewer    | Reached skill level 3 in Unarmed Combat
  3059 | D:4      | Gained mutation: You have hoof-like feet. [demonic
                  | ancestry]
  3059 | D:4      | Reached XP level 6. HP: 28/47 MP: 6/6
  3360 | D:4      | You fall into a shaft and drop 1 floor!
  3360 | D:5      | Entered Level 5 of the Dungeon
  3377 | D:5      | Reached skill level 4 in Unarmed Combat
  3947 | D:4      | Gained mutation: You have a pair of horns on your head.
                  | [demonic ancestry]
  3947 | D:4      | Reached XP level 7. HP: 50/54 MP: 7/7
  4008 | D:4      | Noticed Grinder
  4027 | D:4      | Killed Grinder
  4027 | D:4      | Reached skill level 5 in Unarmed Combat
  4418 | D:4      | Found a staircase to the Ecumenical Temple.
  4431 | Temple   | Entered the Ecumenical Temple
  4598 | D:4      | Found a bloodstained altar of Trog.
  4599 | D:4      | Noticed a wizard
  4604 | D:4      | Killed a wizard
  5390 | D:5      | Reached skill level 5 in Dodging
  5440 | D:5      | Gained mutation: You have hooves in place of feet. [demonic
                  | ancestry]
  5440 | D:5      | Reached XP level 8. HP: 56/61 MP: 8/8
  5693 | D:6      | Reached skill level 5 in Fighting
  5938 | D:6      | Reached skill level 6 in Unarmed Combat
  6479 | D:6      | Found a sacrificial altar of Ru.
  6750 | D:7      | Found an iron altar of Okawaru.
  6773 | D:7      | Reached skill level 7 in Unarmed Combat
  7252 | D:7      | Gained mutation: You regenerate a little health from kills.
                  | [demonic ancestry]
  7252 | D:7      | Reached XP level 9. HP: 45/69 MP: 9/9
  8202 | D:7      | Killed from afar by an electric eel

Illustrated notes

Levels and vault maps discovered:
D:1:      dpeg_arrival_lava_temple_mockup, layout_loops_ring, moated_statue,
          grunt_decor_arrowhead, minmay_small_reverse_x
D:2:      layout_basic, nrook_campfire
D:3:      layout_basic, nicolae_dithmenos_shadow_blocks, lemuel_crystal_altar,
          gammafunk_ghost_gnarly_gnolls
D:4:      layout_loops_ring, minmay_temple_entry_mist, gup_sewer_entry_glass,
          dk_noncrumbling_4, trog_wizard, uniq_grinder
D:5:      layout_basic
D:6:      layout_cave_pods, nicolae_ru_the_path_less_chosen
D:7:      layout_rooms, okawaru_metal_pillars_1_2, serial_bayou,
          serial_bayou_crossing, serial_bayou_shore_a, serial_bayou_pond_b,
          serial_bayou_pond_a
Temple:   nicolae_temple_elliptical

Skill      XL: |  1  2  3  4  5  6  7  8 |
---------------+-------------------------+-----
Dodging        | 3 4 5 6 |  6.2
Unarmed Combat | 1 2 3 4 5 7 |  7.7
Fighting       | 3 4 6 |  6.4
Long Blades    | |  2.9
Throwing       | |  1.7

Action                   |  1- 3 |  4- 6 |  7- 9 || total
-------------------------+-------+-------+-------++-------
Melee: Long sword        |    93 |    10 |       ||   103
       Headbutt          |    15 |    27 |    35 ||    77
       Unarmed           |       |   125 |   201 ||   326
       Kick              |       |    35 |    57 ||    92
       Punch             |       |     1 |     2 ||     3
Throw: Throwing net      |       |     1 |       ||     1
Evoke: Wand              |       |       |     1 ||     1
Armor: Leather armour    |    21 |    25 |       ||    46
       Scale mail        |       |       |    68 ||    68
Dodge: Dodged            |    75 |    97 |   114 ||   286
       Rpst.: Long sword |    28 |     1 |       ||    29

Table legend: (Time is in decaauts)
 A = Elapsed time spent in this place.
 B = Non-inter-level travel time spent in this place.
 C = Inter-level travel time spent in this place.
 D = Time resting spent in this place.
 E = Time spent auto-exploring this place.
 F = Levels seen in this place.
 G = Mean time per level.
                   A        B        C        D        E       F      G
               +--------+--------+--------+--------+--------+-----+--------+
         Total |   8230 |   7972 |    258 |   2415 |   4353 |   9 |  914.4 |
       Dungeon |   7859 |   7630 |    229 |   2249 |   4325 |   7 | 1122.7 |
        Temple |     85 |     56 |     29 |      0 |      0 |   1 |   85.0 |
         Sewer |    285 |    285 |      0 |    166 |     27 |   1 |  285.0 |
               +--------+--------+--------+--------+--------+-----+--------+

Top non-repeatable levels by time:
     D:7: 1481 daAuts
     D:4: 1420 daAuts
     D:5: 1145 daAuts
     D:6: 1049 daAuts
     D:3: 987 daAuts
     D:1: 921 daAuts
     D:2: 854 daAuts
   Sewer: 285 daAuts
  Temple: 85 daAuts
